 Dungeon Crawl Stone Soup version 0.29.0-11-gd7f09526c8 (webtiles) character file.

Game seed: 13341536545195008436

12218 Ijustatesigmund the Fighter (level 11, -1/76 HPs)
             Began as a Gargoyle Fighter on Sept 2, 2022.
             Was an Elder of Cheibriados.
             Killed from afar by a molten gargoyle (23 damage)
             ... with a bolt of magma
             ... on level 10 of the Dungeon.
             The game lasted 00:25:09 (11954 turns).

Ijustatesigmund the Fighter (Gargoyle Fighter)     Turns: 11954, Time: 00:25:09

Health: -1/76      AC: 16    Str: 30    XL:     11   Next: 89%
Magic:  16/16      EV: 12    Int: 23    God:    Cheibriados [****..]
Gold:   430        SH:  6    Dex: 19    Spells: 6/10 levels left

rFire   . . .      SeeInvis +   a - +6 morningstar
rCold   . . .      Faith    .   c - +0 buckler
rNeg    + . .      Spirit   .   b - +0 acid dragon scales
rPois   ∞          Reflect  .   F - +0 mask of the Dragon {Will+ Slay+3 SInv}
rElec   +          Harm     .   (no cloak)
rCorr   +          Rampage  .   f - +1 pair of gloves
Will    +....                   r - +1 pair of boots
Stlth   +.........              (no amulet)
HPRegen 0.22/turn               i - +4 ring of slaying
MPRegen 0.15/turn               p - +4 ring of slaying

@: corroded, studying Polearms, very slow
A: sickness immunity, AC +8, negative energy resistance 1, electricity
resistance, torment resistance 1, petrification resistance
a: Renounce Religion, Bend Time, Temporal Distortion, Slouch


You were on level 10 of the Dungeon.
You worshipped Cheibriados.
Cheibriados was greatly pleased with you.
You visited 1 branch of the dungeon, and saw 10 of its levels.
You also visited: Bailey.

You collected 430 gold pieces.

Inventory:

Hand Weapons
 a - a +6 morningstar (weapon)
 v - a +0 vorpal broad axe
Missiles
 z - a throwing net (quivered)
Armour
 b - +0 acid dragon scales (worn)
 c - a +0 buckler (worn)
 f - a +1 pair of gloves (worn)
 k - a +0 troll leather armour
 r - a +1 pair of boots (worn)
 F - the +0 mask of the Dragon (worn) {Will+ Slay+3 SInv}
   (You found it in a bailey)

   Slay:      It affects your accuracy & damage with ranged weapons and melee
   (+3).
   SInv:      It lets you see invisible.
   Will:      It increases your willpower.
Jewellery
 i - a +4 ring of slaying (left hand)
 m - a ring of positive energy
 p - a +4 ring of slaying (right hand)
 t - the ring of Tueng {rCorr Dex+3}
   (You took it off a centaur on level 7 of the Dungeon)

   [ring of resist corrosion]

   Dex:       It affects your dexterity (+3).
   rCorr:     It protects you from acid and corrosion.
 w - the ring of Luguim {Str+6 Int+9}
   (You found it on level 7 of the Dungeon)

   [ring of strength]

   Str:       It affects your strength (+6).
   Int:       It affects your intelligence (+9).
 y - the ring "Axeoph" {Wiz Int+5 Dex+5 Stlth-}
   (You found it on level 7 of the Dungeon)

   [ring of wizardry]

   It improves your spell success rate.
   Int:       It affects your intelligence (+5).
   Dex:       It affects your dexterity (+5).
   Stlth:     It makes you less stealthy.
 B - the amulet "Vatammamn" {Rampage rC+ Regen+}
   (You found it on level 7 of the Dungeon)

   [amulet of regeneration]

   rC:        It protects you from cold.
   Regen:     It increases your rate of health regeneration.
   Rampage:   It bestows one free step when moving towards enemies.
   Cheibriados disapproves of the use of such an item.
Wands
 j - a wand of charming (15)
 D - a wand of flame (16)
 I - a wand of quicksilver (3)
Scrolls
 e - 3 scrolls of teleportation
 h - a scroll of blinking
 l - a scroll of magic mapping
 E - a scroll of amnesia
 H - a scroll of summoning
Potions
 d - a potion of might
 g - a potion of mutation
 n - 3 potions of lignification
 o - 2 potions of attraction
 q - a potion of invisibility
 s - 3 potions of flight
 u - a potion of magic
 x - 2 potions of curing
 A - 3 potions of ambrosia
 C - a potion of brilliance {unknown}
 J - 2 potions of cancellation {unknown}


   Skills:
 + Level 11.8 Fighting
 + Level 10.7 Maces & Flails
 + Level 6.6 Armour
 + Level 2.0 Dodging
 + Level 5.6 Shields
 + Level 1.0 Translocations
 - Level 3.0 Transmutations
 - Level 3.5 Earth Magic
 + Level 7.8 Invocations


You had 6 spell levels left.
You knew the following spells:

 Your Spells              Type           Power      Damage    Failure   Level
a - Passwall              Tmut/Erth      12%        N/A       10%         2
b - Blink                 Tloc           8%         N/A       24%         2

Your spell library contained the following spells:

 Spells                   Type           Power      Damage    Failure   Level
 Freeze                   Ice            0%         1d3       24%         1
 Necrotise                Necr           0%         1d4       24%         1
 Ensorcelled Hibernation  Hex/Ice        0%         N/A       34%         2
 Scorch                   Fire           0%         2d5       34%         2
 Gell's Gravitas          Tloc           4%         N/A       43%         3
 Ignite Poison            Fire/Tmut/Pois 4%         N/A       43%         3
 Lesser Beckoning         Tloc           4%         N/A       43%         3
 Teleport Other           Tloc           4%         N/A       43%         3
 Conjure Flame            Conj/Fire      0%         6-21      56%         3
 Frozen Ramparts          Ice            0%         1d1       56%         3
 Swiftness                Air            0%         N/A       56%         3
 Vampiric Draining        Necr           0%         2d6       56%         3
 Animate Armour           Summ/Erth      16%        N/A       75%         4
 Ice Form                 Ice/Tmut       7%         N/A       77%         4
 Blade Hands              Tmut           7%         N/A       88%         5
 Flame Wave               Conj/Fire      0%         2d4       93%         4
 Hailstorm                Conj/Ice       0%         3d3       93%         4
 Sticky Flame             Conj/Fire      0%         2d3       93%         4
 Manifold Assault         Tloc           4%         N/A       99%         5
 Agony                    Necr           0%         N/A       100%        5
 Iron Shot                Conj/Erth      4%         9d2       100%        6
 Simulacrum               Ice/Necr       0%         N/A       100%        6
 Summon Cactus Giant      Summ           0%         N/A       100%        6


Dungeon Overview and Level Annotations

Branches:
Dungeon (10/15)            Temple (0/1) D:7          Bailey (visited)
   Lair: D:8-11         Orc: D:9-12

Altars:
Ashenzari
Cheibriados
Fedhas
Hepliaklqana
Nemelex Xobeh
Uskayaw


Innate Abilities, Weirdness & Mutations

You are immune to sickness and miasma.
Your stone body is resilient. (AC +8)
You are immune to poison.
You resist negative energy. (rN+)
You are resistant to electric shocks. (rElec)
You are resistant to unholy torment.
You are immune to petrification.


Message History

You start waiting.
A molten gargoyle is nearby!
The lava snake hisses angrily.
An unseen horror comes into view.
The molten gargoyle blasts magma at you!
The bolt of magma hits you!!
You barely miss the molten gargoyle.
The molten gargoyle is moderately damaged.
The molten gargoyle hits you but does no damage.
You impale the molten gargoyle!!
You destroy the molten gargoyle!
Cheibriados thoroughly appreciates the change of pace.
You hear a roar!
An acid dragon comes into view.
The acid dragon roars!
The unseen horror hits you but does no damage.
You bludgeon the unseen horror!!
The unseen horror is severely wounded.
The unseen horror barely misses you. x2
You sock the unseen horror!
You kill the unseen horror!
Cheibriados thoroughly appreciates the change of pace.
The lava snake spits lava at you. The glob of lava hits you!
The acid dragon closely misses you. The acid dragon claws you.
Your Dodging skill increases to level 2!
Your Translocations skill increases to level 1!
The acid dragon attacks as you move away!
The acid dragon bites you!
The acid dragon claws you but does no damage.
The acid dragon spits acid at you. The splash of acid hits you! You resist.
* * * LOW HITPOINT WARNING * * *
The acid corrodes you!
As you read the scroll of fear, it crumbles to dust.
You assume a fearsome visage.
The molten gargoyle is unaffected.
The acid dragon looks frightened!
The lava snake looks frightened!
The molten gargoyle blasts magma at you!
The bolt of magma hits you!!
You die...

...##9.≈≈88≈≈ .#.
## .....#.≈≈§§§≈§
#.. .>
...##."≈§≈S§§.#..#
.## ####
#...≈.§...#.+...
#.#.#.#9#..#D#
#.#.#.#.#...#
..##......).#
.....###.##.# ...
# #@# ##.. #.#
##.. #.# ###..#
#.# #....# #.#
#.(..# #.# #....#
#.# #....# #.#
#....# #.#


You could see a molten gargoyle.

Vanquished Creatures
  A boulder beetle (D:7)
  A two-headed ogre (D:9)
  2 cyclopes (D:7)
  Maurice (D:9)
  A molten gargoyle (D:10)
  Maggie (D:6)
  A gargoyle (D:7)
  3 unseen horrors
  A queen bee (D:9)
  A hornet (D:7)
  4 trolls
  A slime creature (D:7)
  A wyvern (D:9)
  A vampire mosquito (D:7)
  3 steam dragons
  An acid dragon (D:7)
  3 water moccasins (D:7)
  5 orc warriors
  3 ice beasts
  2 sky beasts (D:7)
  3 ogres
  2 centaurs
  A phantom (D:7)
  9 kobold brigands
  Blork the orc (D:4)
  5 bullfrogs
  4 scorpions
  4 necrophages
  6 wights
  29 killer bees (D:9)
  3 howler monkeys
  A hound (D:7)
  3 orc priests (D:9)
  A gnoll bouda (D:7)
  3 iguanas
  8 jellies
  8 orc wizards
  7 gnolls (D:5)
  9 adders
  3 shadow imps
  3 white imps
  A dart slug (D:2)
  32 orcs
  9 ball pythons
  3 endoplasms
  4 giant cockroaches
  8 goblins
  9 hobgoblins
  6 jackals
  34 kobolds
  6 quokkas
  5 bats
  5 frilled lizards
  6 rats
278 creatures vanquished.

Vanquished Creatures (collateral kills)
  An orc warrior (Bailey)
  A kobold brigand (Bailey)
  4 kobolds (Bailey)
6 creatures vanquished.

Vanquished Creatures (others)
  An adder (D:5)
  3 orcs
  9 plants (D:7)
13 creatures vanquished.

Grand Total: 297 creatures vanquished

Notes
Turn   | Place    | Note
-------+----------+-------------------------------------------
     0 | D:1      | Ijustatesigmund the Gargoyle Fighter began the quest for
                  | the Orb.
     0 | D:1      | Reached XP level 1. HP: 14/14 MP: 1/1
   223 | D:1      | Reached XP level 2. HP: 19/19 MP: 2/2
   557 | D:1      | Reached XP level 3. HP: 24/24 MP: 3/3
   558 | D:1      | Reached skill level 4 in Fighting
  1320 | D:2      | Reached XP level 4. HP: 30/30 MP: 4/4
  2402 | D:4      | Found a blossoming altar of Fedhas.
  2424 | D:4      | Reached XP level 5. HP: 34/34 MP: 5/5
  2489 | D:4      | Reached skill level 5 in Fighting
  2573 | D:4      | Noticed Blork the orc
  2579 | D:4      | Killed Blork the orc
  2873 | D:4      | Reached XP level 6. HP: 38/40 MP: 6/6
  3034 | D:5      | Entered Level 5 of the Dungeon
  3061 | D:5      | Found a broken altar of Ashenzari.
  3155 | D:5      | Noticed an ice beast
  3175 | D:5      | Killed an ice beast
  3383 | D:5      | Reached skill level 6 in Fighting
  3383 | D:5      | Reached skill level 5 in Maces & Flails
  3383 | D:5      | Reached XP level 7. HP: 38/46 MP: 7/7
  3519 | D:5      | Found a hide-covered altar of Uskayaw.
  3520 | D:5      | Found a snail-covered altar of Cheibriados.
  3525 | D:5      | Identified the +6 plate armour of the Falcon {Fly Int+2
                  | Dex+6}
  3764 | D:5      | Reached skill level 5 in Armour
  3847 | D:6      | Noticed Maggie
  3861 | D:6      | Killed Maggie
  3862 | D:6      | Reached XP level 8. HP: 51/52 MP: 8/8
  3917 | D:6      | Reached skill level 7 in Fighting
  4530 | D:6      | Learned a level 2 spell: Passwall
  4645 | D:7      | Reached skill level 1 in Earth Magic
  4649 | D:7      | Reached skill level 1 in Transmutations
  4763 | D:7      | Reached skill level 8 in Fighting
  4763 | D:7      | Reached XP level 9. HP: 48/59 MP: 9/9
  4838 | D:7      | Found a staircase to the Ecumenical Temple.
  5326 | D:7      | Noticed a hornet
  5332 | D:7      | Killed a hornet
  5541 | D:5      | Became a worshipper of Cheibriados the Contemplative
  5723 | D:7      | Reached skill level 9 in Fighting
  5725 | D:7      | Reached skill level 1 in Invocations
  6079 | D:7      | Found a runed translucent door.
  6458 | D:7      | Reached XP level 10. HP: 52/66 MP: 11/11
  6889 | D:7      | Killed an unseen horror
  6937 | D:7      | Reached * piety under Cheibriados
  7084 | D:7      | Noticed a gargoyle
  7091 | D:7      | Killed a gargoyle
  7092 | D:7      | Reached skill level 10 in Fighting
  7182 | D:7      | Noticed a cyclops
  7182 | D:7      | Noticed a boulder beetle
  7391 | D:7      | Killed a boulder beetle
  7392 | D:7      | Reached skill level 5 in Invocations
  7612 | D:7      | Killed a cyclops
  7697 | D:7      | Noticed a cyclops
  7706 | D:7      | Killed a cyclops
  8093 | D:7      | Reached XP level 11. HP: 36/73 MP: 15/15
  8376 | D:7      | Identified the ring of Tueng {rCorr Dex+3}
  8380 | D:7      | Identified the ring of Luguim {Str+6 Int+9}
  8389 | D:7      | Identified the ring "Axeoph" {Wiz Int+5 Dex+5 Stlth-}
  8392 | D:7      | Identified the amulet "Vatammamn" {Rampage rC+ Regen+}
  8512 | D:8      | Found a flagged portal.
  8518 | D:8      | Reached skill level 11 in Fighting
  8572 | D:8      | Reached ** piety under Cheibriados
  8629 | Bailey   | Entered a bailey
  8701 | Bailey   | Reached skill level 10 in Maces & Flails
  9051 | Bailey   | Identified the +2 plate armour of the Shining One's Whim
                  | {Regen+}
  9366 | Bailey   | Found the +0 mask of the Dragon {Will+ Slay+3 SInv}
  9367 | Bailey   | Found a burning altar of Makhleb.
  9564 | D:8      | Reached *** piety under Cheibriados
  9903 | D:9      | Found a sparkling altar of Nemelex Xobeh.
  9979 | D:9      | Noticed Maurice
  9991 | D:9      | Killed Maurice
 10087 | D:9      | Noticed a two-headed ogre
 10092 | D:9      | Killed a two-headed ogre
 10268 | D:9      | Reached skill level 1 in Dodging
 10272 | D:9      | Reached **** piety under Cheibriados
 10275 | D:9      | Reached skill level 5 in Shields
 11024 | D:9      | Learned a level 2 spell: Blink
 11203 | D:10     | Entered Level 10 of the Dungeon
 11337 | D:10     | Found a hazy altar of Hepliaklqana.
 11952 | D:10     | Reached skill level 1 in Translocations
 11954 | D:10     | Killed from afar by a molten gargoyle

Illustrated notes

Levels and vault maps discovered:
D:1:      evilmike_arrival_crescent, layout_basic
D:2:      minmay_angry_zag, layout_basic
D:3:      layout_rooms, roderic_roman_lattice
D:4:      layout_rooms, fedhas_altar_3, minmay_misc_feat_pillars,
          nrook_mini_backslash, serial_bayou_lake_a, uniq_blork_the_orc
D:5:      layout_basic, ashenzari_altar_1,
          chequers_temple_overflow_statue_of_worship, grunt_decor_junction
D:6:      layout_basic, uniq_maggie
D:7:      minmay_the_grid_triangle_9x9_rhombus_full
          [minmay_the_grid_triangle_9x9_skeleton,
          minmay_the_grid_triangle_9x9_alien,
          minmay_the_grid_triangle_9x9_zippers_horizontal,
          minmay_the_grid_triangle_9x9_checkered,
          minmay_the_grid_triangle_9x9_subtriangle,
          minmay_the_grid_triangle_9x9_longest,
          minmay_the_grid_triangle_9x9_descending_squares,
          minmay_the_grid_triangle_9x9_prize_special], layout_gridville,
          minmay_temple_entry_statues, serial_bayou_pond_a, minmay_manual_mullet
D:8:      layout_rooms, enter_bailey_6
D:9:      layout_roguey [special_room_bee], mainiacjoe_overflow_surrounded_room,
          nrook_mini_vaults, uniq_maurice
D:10:     layout_basic, nicolae_hepliaklqana_hazy_memory, minivault_8

Skill      XL: |  1  2  3  4  5  6  7  8  9 10 11 |
---------------+----------------------------------+-----
Fighting       | 4 5 6 8 9 10 11 | 11.8
Maces & Flails | 3 4 5 7 8 9 10 | 10.7
Armour         | 4 5 6 |  6.6
Shields        | 4 5 |  5.6
Earth Magic    | 2 3 |  3.5
Transmutations | 1 3 |  3.0
Invocations    | 2 6 7 |  7.8
Dodging        | 2 |  2.0
Translocations | 1 |  1.0

Action                   |  1- 3 |  4- 6 |  7- 9 | 10-12 || total
-------------------------+-------+-------+-------+-------++-------
Melee: Flail             |   103 |   161 |   257 |   317 ||   838
       Morningstar       |       |       |       |    11 ||    11
Throw: Throwing net      |       |       |     2 |     2 ||     4
Invok: Bend Time         |       |       |       |     1 ||     1
       Slouch            |       |       |       |     1 ||     1
Evoke: Wand              |       |     2 |       |     7 ||     9
  Use: Scroll            |     6 |     6 |     3 |    15 ||    30
       Potion            |       |     4 |     2 |     5 ||    11
 Stab: Sleeping          |       |       |     1 |       ||     1
Armor: Scale mail        |    54 |   103 |    16 |       ||   173
       Steam dragon scal |       |       |   175 |     8 ||   183
       Acid dragon scale |       |       |       |   185 ||   185
       Troll leather arm |       |       |       |     4 ||     4
Dodge: Dodged            |    50 |    63 |   142 |   177 ||   432
Block: Buckler           |    21 |    33 |    72 |   114 ||   240
